 Dungeon Crawl Stone Soup version 0.16-a0-3330-g2931290 (webtiles) character file.

478 Kemay the Insei (level 7, -1/46 HPs)
             Began as an Octopode Monk on Dec 28, 2014.
             Slain by an ogre
             ... wielding a +0 giant club
              (28 damage)
             ... on level 4 of the Dungeon.
             The game lasted 00:12:31 (4090 turns).

Kemay the Insei (Octopode Monk)                     Turns: 4090, Time: 00:12:32

Health: -1/46      AC:  1    Str: 10    XL:     7   Next: 11%
Magic:  7/7        EV: 15    Int: 15    God:
Gold:   263        SH:  0    Dex: 16    Spells: 0 memorised, 6 levels left

rFire  . . .     SeeInvis .       - Unarmed
rCold  + . .     Clarity  .     (no shield)
rNeg   . . .     SustAb   .     (helmet restricted)
rPois  .         Gourm    .     (no amulet)
rElec  .         Spirit   .     (no ring)
rCorr  .         Warding  .     (no ring)
rMut   .         Stasis   .     (no ring)
MR     .....                    (no ring)
Stlth  ++++......               (no ring)
                                (no ring)
                                (no ring)
                                (no ring)

@: not resistant to hostile enchantments, stealthy
A: almost no armour, amphibious, 8 rings, constrict 8, camouflage 1, agile 1,
cold resistance 1, gelatinous body 1, evolution 1
a: no special abilities


You were on level 4 of the Dungeon.
You were hungry.

You visited 2 branches of the dungeon, and saw 5 of its levels.
You also visited: Sewer.

You collected 263 gold pieces.

Inventory:

Armour
 l - a +0 buckler
Magical devices
 q - a wand of teleportation (4)
Scrolls
 n - a scroll of recharging
Potions
 a - a potion of invisibility
 e - a potion of might
 g - a potion of heal wounds
 h - a potion of magic
 i - a potion of cancellation
 k - 2 potions of brilliance
 m - a potion of haste
 o - a potion of poison {unknown}
 p - a potion of resistance
 r - a potion of cure mutation {unknown}
Comestibles
 b - 3 bread rations
 c - a beef jerky
 d - a chunk of flesh
 f - 2 meat rations
 j - 5 fruits


   Skills:
 - Level 3.0 Fighting
 + Level 5.5 Dodging
 - Level 4.0 Stealth
 - Level 2.0 Shields
 + Level 6.0 Unarmed Combat


You had 6 spell levels left.
You didn't know any spells.

Dungeon Overview and Level Annotations

Branches:
Dungeon (4/15)             Temple (1/1) D:4

Altars:
Cheibriados
Dithmenos
Elyvilon
Gozag
Kikubaaqudgha
Makhleb
Nemelex Xobeh
Okawaru
Ru
Sif Muna
Trog
Xom
Yredelemnul
Zin
The Shining One

Shops:
D:4 *

Annotations:
D:4 Eustachio


Innate Abilities, Weirdness & Mutations

You cannot wear most types of armour.
You are amphibious.
You can wear up to eight rings at the same time.
You can use your tentacles to constrict many enemies at once.
Your skin changes colour to match your surroundings (Stealth).
Your rubbery body absorbs attacks (AC +1).
You are agile. (Dex +2)
Your flesh is cold resistant.
You evolve.


Message History

You tentacle-slap the ogre.
You tentacle-slap the ogre, but do no damage.
The ogre is moderately wounded.
You tentacle-slap the ogre.
The ogre is moderately wounded.
The ogre barely misses you. The orc closely misses you.
You tentacle-slap the ogre. x2
The ogre is heavily wounded.
The orc closely misses you. The ogre barely misses you.
You tentacle-slap the ogre.
The ogre is heavily wounded.
The orc hits you.
You bludgeon the ogre! You squeeze the ogre.
The ogre is almost dead.
The ogre hits you with a giant club! The orc closely misses you.
You barely miss the ogre.
The ogre is almost dead.
The ogre hits you with a giant club!!
Ouch! That really hurt!
You die...

.# ### .# #.. ##
#.# #.# #.# #o.
######.#
#....†.##########
#.o@O†.....#
#...#####....#
#.### ###.#..## #..
#...#<..##. #.#
#.#####... #.#
#..)#...### #
###.#..## #....####
#.#
#.#######.......#.#


You could see an ogre and an orc.

Vanquished Creatures
  Duvessa (D:4)
  A giant frog (D:3)
  Dowan (D:4)
  A hound (D:3)
  A centaur skeleton (D:4)
  A worker ant (D:4)
  Natasha (thrice) (D:3)
  4 adders
  A river rat (D:3)
  A giant mite (D:3)
  3 worms
  9 giant geckos
  2 oozes (D:1)
  4 orcs
  A ball python (D:2)
  3 giant cockroaches (D:1)
  5 goblins
  7 hobgoblins
  8 jackals
  4 quokkas
  12 bats
  6 giant newts
  12 kobolds
  A quokka skeleton (D:4)
  32 rats
124 creatures vanquished.

Notes
Turn   | Place    | Note
--------------------------------------------------------------
     0 | D:1      | Kemay, the Octopode Monk, began the quest for the Orb.
     0 | D:1      | Reached XP level 1. HP: 16/16 MP: 1/1
   353 | D:1      | Reached XP level 2. HP: 17/21 MP: 2/2
   702 | D:1      | Reached XP level 3. HP: 24/26 MP: 3/3
   753 | D:1      | You fall through a shaft!
  1114 | D:1      | Reached XP level 4. HP: 21/31 MP: 4/4
  1897 | D:2      | Gained mutation: You evolve. [potion of mutation]
  1897 | D:2      | Gained mutation: Your flesh is cold resistant. [potion of mutation]
  1897 | D:2      | Gained mutation: You are agile. (Dex +2) [potion of mutation]
  1970 | D:3      | Found a glowing golden altar of the Shining One.
  2048 | D:3      | Reached skill level 1 in Shields
  2048 | D:3      | Reached XP level 5. HP: 15/36 MP: 5/5
  2065 | D:3      | Found a glowing drain.
  2173 | Sewer    | Entered a sewer
  2585 | D:3      | Reached skill level 5 in Unarmed Combat
  2778 | D:3      | Noticed Natasha
  2794 | D:3      | Killed Natasha
  2794 | D:3      | Reached XP level 6. HP: 35/42 MP: 6/6
  3272 | D:3      | Noticed Natasha
  3276 | D:3      | Killed Natasha
  3306 | D:3      | Noticed Natasha
  3310 | D:3      | Killed Natasha
  3401 | D:4      | Noticed Eustachio
  3447 | D:4      | Found Gozag's Nutrition Petition.
  3448 | D:4      | Found an opulent altar of Gozag.
  3590 | D:4      | Reached skill level 5 in Dodging
  3699 | D:4      | Found a staircase to the Ecumenical Temple.
  3762 | D:4      | Noticed Duvessa
  3762 | D:4      | Noticed Dowan
  3790 | D:4      | Killed Duvessa
  3794 | Temple   | Entered the Ecumenical Temple
  3906 | D:4      | Killed Dowan
  3906 | D:4      | Reached XP level 7. HP: 25/46 MP: 7/7
  4068 | D:4      | Reached skill level 6 in Unarmed Combat
  4090 | D:4      | Slain by an ogre

Action                   |  1- 3 |  4- 6 |  7- 9 || total
-------------------------+-------+-------+-------++-------
Melee: Unarmed           |    72 |   189 |    15 ||   276
Evoke: Wand              |     7 |       |       ||     7
  Use: Scroll            |     2 |    10 |       ||    12
       Potion            |       |     9 |       ||     9
 Stab: Distracted        |     3 |       |       ||     3
       Sleeping          |       |    11 |       ||    11
  Eat: Chunk             |     1 |     8 |       ||     9
       Fruit             |       |     1 |       ||     1
